AoeStats
← Raposao_SP

Pilgrims

509771111Analyzed
4v4 RM · 6d ago on Sep 28, 2026· 34m 53s· 8 players
Game mode
Random Map
Map size
Large (8 player)
Population
200
Speed
Normal
Resources
Standard
Victory
Conquest
Starting age
Dark Age
Ending age
Imperial Age
RankedLock teamsTeams togetherTeam positionsShared explorationLock speedFull tech treeHidden civsTurbo modeCheats
Victory
Defeat
🇲🇽 Spanish · Mexico
1044
+19
🇧🇷 Dravidians · Brazil
1037
+37
🇨🇱 Burgundians · Chile
1010
+20
🇩🇪 Malay · Germany
1002
+20
🇧🇷 Persians · Brazil
1184
-22
🇧🇷 Franks · Brazil
1156
-22
🇧🇷 Italians · Brazil
1093
-19
🇧🇷 Huns · Brazil
982
-15
Don Pianito
13:13 Feudal Age
11:30 Loom
17:59 Castle Age
18:16 Double-Bit Axe
20:00 Town Watch
21:33 Medium Warships
27:10 Bow Saw
28:28 Bloodlines
28:31 Forging
28:27 Scale Barding Armor
31:02 Horse Collar
38:01 Imperial Age
PezMaza
4:05 Loom
14:13 Feudal Age
14:04 Arson
17:13 Town Watch
17:44 Arson
18:27 Man-at-Arms
20:35 Fletching
20:46 Padded Archer Armor
27:53 Wheelbarrow
29:47 Castle Age
30:19 Bodkin Arrow
30:40 Leather Archer Armor
31:48 Hand Cart
33:49 Town Patrol
34:18 Double-Bit Axe
35:13 Bow Saw
DRPISTOLO
14:48 Feudal Age
16:54 Fishing Lines
20:17 Castle Age
20:14 Gold Mining
22:35 Gillnets
23:39 Medium Warships
24:11 Wheelbarrow
23:32 Double-Bit Axe
26:53 Hand Cart
26:58 Bow Saw
26:47 Fletching
32:36 Medical Corps
35:25 Imperial Age
34:07 Squires
33:52 Arson
34:20 Forging
34:05 Bodkin Arrow
35:20 Padded Archer Armor
35:56 Iron Casting
GERMANICO7222
0:41 Double-Bit Axe
4:33 Loom
13:09 Feudal Age
11:28 Fishing Lines
12:24 Gold Mining
17:53 Castle Age
19:06 Wheelbarrow
19:15 Scale Barding Armor
22:49 Chain Barding Armor
23:25 Bow Saw
23:20 Gillnets
27:18 Fletching
27:40 Forging
27:33 Cavalier
28:15 Husbandry
31:09 Iron Casting
32:46 Hand Cart
34:22 Scale Mail Armor
Raposao_SP
7:52 Loom
11:16 Feudal Age
33:29 Castle Age
duduh69
12:37 Feudal Age
10:53 Loom
12:42 Feudal Age
13:13 Man-at-Arms
14:51 Double-Bit Axe
14:48 Horse Collar
14:50 Fishing Lines
15:29 Fletching
17:05 Scale Mail Armor
17:17 Forging
23:26 Wheelbarrow
28:27 Castle Age
30:43 Bow Saw
30:34 Heavy Plow
30:54 Hand Cart
30:24 Town Watch
guilherhand
13:58 Feudal Age
14:39 Man-at-Arms
18:20 Castle Age
16:41 Fletching
18:17 Double-Bit Axe
25:53 Pikeman
Lucas Capita
5:11 Loom
12:58 Feudal Age
13:37 Gold Mining
13:40 Double-Bit Axe
17:38 Horse Collar
20:56 Castle Age
22:12 Heavy Plow
22:25 Bow Saw
23:18 Wheelbarrow
22:39 Stone Mining
24:12 Hand Cart
27:40 Kamandaran
28:07 Crossbowman
33:02 Husbandry
32:50 Light Cavalry
33:40 Bloodlines
34:31 Ballistics
34:20 Thumb Ring
37:13 Imperial Age
34:31 Town Watch
Connection lost

Rejoining the realm…

Still unreachable

The connection could not be restored.

Session expired

The server has moved on; the page needs a fresh start.